 Dungeon Crawl Stone Soup version 0.29-a0-506-ga2e7fffb44 (webtiles) character file.

Game seed: 13762851132084040967

644 kyalle the Skirmisher (level 7, -3/64 HPs)
             Began as a Minotaur Fighter on May 28, 2022.
             Was an Initiate of Yredelemnul.
             Killed by divine providence
             ... invoked by an orc priest
              (9 damage)
             ... on level 5 of the Dungeon.
             The game lasted 00:15:13 (4511 turns).

kyalle the Skirmisher (Minotaur Fighter)            Turns: 4511, Time: 00:15:17

Health: -3/64      AC: 12    Str: 23    XL:     7   Next: 26%
Magic:  0/6        EV:  9    Int:  5    God:    Yredelemnul [......]
Gold:   243        SH:  4    Dex:  9    Spells: 6/6 levels left

rFire   + . .      SeeInvis .   a - +1 long sword
rCold   . . .      Faith    .   c - +0 buckler
rNeg    . . .      Spirit   +   b - +1 scale mail
rPois   .          Reflect  .   (helmet restricted)
rElec   .          Harm     .   (no cloak)
rCorr   .          Rampage  .   l - +3 pair of gloves of Darkness {rF+ Will+}
Will    +....                   (no boots)
Stlth   ..........              e - amulet of guardian spirit
HPRegen 0.20/turn               (no ring)
MPRegen 0.10/turn               (no ring)

@: no status effects
A: horns 2, retaliatory headbutt
a: Renounce Religion, Recall Undead Harvest


You were on level 5 of the Dungeon.
You worshipped Yredelemnul.
Yredelemnul was noncommittal.
You visited 1 branch of the dungeon, and saw 5 of its levels.

You collected 243 gold pieces.

Inventory:

Hand Weapons
 a - a +1 long sword (weapon)
 q - a +1 fustibalus of flaming
Armour
 b - a +1 scale mail (worn)
 c - a +0 buckler (worn)
 l - the +3 pair of gloves of Darkness (worn) {rF+ Will+}
   (You found it on level 2 of the Dungeon)

   rF:        It protects you from fire.
   Will:      It increases your willpower.
Magical Staves
 j - a staff of conjuration
Jewellery
 e - an amulet of guardian spirit (around neck)
 k - the ring "Fousy" {Fire Str+2}
   (You found it on level 4 of the Dungeon)

   [ring of fire]

   It enhances your fire magic.
   Str:       It affects your strength (+2).
   rF:        It protects you from fire.
   rC:        It makes you vulnerable to cold.
Wands
 i - a wand of mindburst (14)
Scrolls
 f - 4 scrolls of teleportation
 h - 2 scrolls of poison
 m - 4 scrolls of enchant armour
 p - a scroll of identify
Potions
 d - a potion of might
 g - a potion of attraction {unknown}
 n - a potion of invisibility {unknown}
 r - a potion of degeneration {unknown}


   Skills:
 * Level 6.5 Fighting
 * Level 6.0 Long Blades
 + Level 5.2 Armour
 + Level 5.3 Shields


You had 6 spell levels left.
You didn't know any spells.
Your spell library contained the following spells:

 Spells                   Type           Power      Damage    Failure   Level
 Necrotize                Necr           0%         1d4       86%         1
 Shock                    Conj/Air       0%         1d3       86%         1
 Ensorcelled Hibernation  Hex/Ice        0%         N/A       94%         2
 Passwall                 Tmut/Erth      0%         N/A       94%         2
 Call Canine Familiar     Summ           0%         N/A       99%         3
 Inner Flame              Hex/Fire       0%         N/A       99%         3
 Portal Projectile        Hex/Tloc       0%         N/A       99%         3
 Swiftness                Air            0%         N/A       99%         3
 Vampiric Draining        Necr           0%         2d6       99%         3
 Airstrike                Air            0%         N/A       100%        4
 Cause Fear               Hex            0%         N/A       100%        4
 Leda's Liquefaction      Hex/Erth       0%         N/A       100%        4
 Agony                    Necr           0%         N/A       100%        5
 Freezing Cloud           Conj/Ice/Air   0%         6-21      100%        5
 Discord                  Hex            0%         N/A       100%        8
 Polar Vortex             Ice            0%         N/A       100%        9
 Simulacrum               Ice/Necr       Unusable   N/A       N/A         6

Dungeon Overview and Level Annotations

Branches:
Dungeon (5/15)
 Temple: D:4-7

Altars:
Cheibriados
Dithmenos
Nemelex Xobeh
Yredelemnul
Zin

Shops:
D:3 (:


Innate Abilities, Weirdness & Mutations

You have a pair of horns on your head.
You reflexively headbutt those who attack you in melee.


Message History

The black bear claws you but does no damage.
The orc priest calls upon Beogh to heal the orc.
The orc's wounds heal themselves!
Something hits your orc zombie.
You hit the orc priest.
You headbutt the orc priest, but do no damage.
The orc priest is severely wounded.
The orc priest calls upon Beogh to heal the orc priest.
The orc priest is healed somewhat.
The orc closely misses you. The iguana closely misses you.
The black bear bites you. The black bear claws you.
The black bear closely misses you.
The orc priest invokes the aid of Beogh against you.
Beogh smites you!
* * * LOW HITPOINT WARNING * * *
Your orc zombie hits the iguana but does no damage.
You slash the iguana!
You kill the iguana!
The orc priest calls down the wrath of Beogh upon you.
Beogh smites you!
* * * LOW HITPOINT WARNING * * *
You block the black bear's attack. The black bear closely misses you.
You block the black bear's attack. The orc barely misses you.
The orc hits your orc zombie with a +0 hand axe.
The orc priest hits you with a +0 falchion.
Your orc zombie barely misses the orc.
Your Long Blades skill increases to level 6!
Unknown command.
You barely miss the orc.
The orc priest looks encouraged for a moment.
The orc hits you but does no damage.
The orc hits your orc zombie with a +0 hand axe.
Your orc zombie is destroyed!
The orc hits you but does no damage.
The orc priest hits you but does no damage.
The orc completely misses you. You block the black bear's attack.
The black bear claws you but does no damage. x2
Your orc zombie hits the black bear.
The orc priest invokes the aid of Beogh against you.
Beogh smites you!
You die...
Your body rises from the dead as a mindless zombie.

................
.........$......o
................
#.............#
#.............# .
####..........#.#..
##..........#o......
#..........Zooo....#
..........h@o......
...........)o#..#..
..##.......## .#
#........# #
#<.#.....#
#....###....#
##.....###..#
#....... ....
##...##.# #..


You could see a black bear (ally target), 2 orc priests, 4 orcs and a friendly
orc zombie.

Vanquished Creatures
  The ghost of NateTC the Fighter, an amateur DrFi (D:4)
  A phantom (D:4)
  A hound (D:4)
  A jelly (D:4)
  2 iguanas
  A bullfrog simulacrum (D:4)
  A scorpion simulacrum (D:4)
  4 gnolls
  5 adders
  2 white imps (D:4)
  A howler monkey simulacrum (D:4)
  An ufetubus (D:4)
  A worm (D:2)
  3 dart slugs
  3 adder simulacra (D:4)
  8 orcs
  6 bats
  9 endoplasms
  4 giant cockroaches
  7 goblins
  5 hobgoblins
  5 jackals
  6 quokkas
  9 ball pythons
  4 frilled lizards
  2 kobolds
  8 rats
101 creatures vanquished.

Vanquished Creatures (others)
  2 orc zombies (D:5)
  34 plants (D:2)
  A withered plant (D:4)
37 creatures vanquished.

Grand Total: 138 creatures vanquished

Notes
Turn   | Place    | Note
-------+----------+-------------------------------------------
     0 | D:1      | kyalle the Minotaur Fighter began the quest for the Orb.
     0 | D:1      | Reached XP level 1. HP: 19/19 MP: 0/0
    21 | D:1      | Found a faded altar of an unknown god.
   203 | D:1      | Reached XP level 2. HP: 20/27 MP: 1/1
  1008 | D:1      | Reached XP level 3. HP: 27/33 MP: 2/2
  1480 | D:2      | Identified the +3 pair of gloves of Darkness {rF+ Will+}
  1507 | D:2      | Found a snail-covered altar of Cheibriados.
  1728 | D:2      | Reached XP level 4. HP: 41/41 MP: 3/3
  2441 | D:3      | Found a glowing silver altar of Zin.
  2466 | D:3      | Found Gotyon's Weapon Shop.
  2812 | D:3      | Found a faded altar of an unknown god.
  2828 | D:3      | Found a shadowy altar of Dithmenos.
  2918 | D:3      | Found Zualuci's Book Shoppe.
  3379 | D:4      | Noticed NateTC's ghost (amateur DrFi)
  3418 | D:4      | Found a runed translucent gate.
  3418 | D:4      | Found a runed translucent gate.
  3418 | D:4      | Found a runed translucent gate.
  3446 | D:4      | Reached skill level 5 in Fighting
  3446 | D:4      | Reached XP level 5. HP: 37/48 MP: 2/4
  3491 | D:4      | Killed NateTC's ghost
  3492 | D:4      | Reached skill level 5 in Long Blades
  3492 | D:4      | Reached XP level 6. HP: 18/57 MP: 1/5
  3733 | D:4      | Identified the ring "Fousy" {Fire Str+2}
  3892 | D:4      | Reached skill level 5 in Shields
  3977 | D:4      | Reached skill level 5 in Armour
  3988 | D:4      | Found a basalt altar of Yredelemnul.
  4020 | D:4      | Became a worshipper of Yredelemnul the Dark
  4027 | D:4      | Found a sparkling altar of Nemelex Xobeh.
  4123 | D:4      | Reached XP level 7. HP: 64/64 MP: 6/6
  4489 | D:5      | Entered Level 5 of the Dungeon
  4511 | D:5      | Killed from afar by an orc priest

Illustrated notes

Levels and vault maps discovered:
D:1:      eino_arrival_druids_welcome, layout_basic, basic_ecumenical_altar
D:2:      wad_woods_stonehenge, layout_basic
D:3:      layout_basic, nicolae_overflow_ecumenical_swirl,
          mainiacjoe_overflow_chevrons, serial_shops, nicolae_shop_trees,
          nicolae_shop_bloodbath_and_beyond
D:4:      layout_loops_ring, lemuel_tele_altar, yredelemnul_altar_generic,
          gammafunk_ghost_icy
D:5:      layout_cave_pools, columned_hall_lemuel

Skill      XL: |  1  2  3  4  5  6  7 |
---------------+----------------------+-----
Fighting       | 4 5 6 |  6.5
Long Blades    | 3 4 5 6 |  6.0
Armour         | 4 5 |  5.2
Shields        | 4 5 |  5.3

Action                   |  1- 3 |  4- 6 |  7- 9 || total
-------------------------+-------+-------+-------++-------
Melee: Long sword        |   114 |   158 |    24 ||   296
       Headbutt          |    16 |    31 |     7 ||    54
  Use: Scroll            |     1 |     8 |     1 ||    10
       Potion            |       |     2 |       ||     2
Armor: Scale mail        |    54 |    81 |    29 ||   164
Dodge: Dodged            |    50 |    64 |    29 ||   143
Block: Buckler           |    26 |    39 |    11 ||    76

Table legend: (Time is in decaauts)
 A = Elapsed time spent in this place.
 B = Non-inter-level travel time spent in this place.
 C = Inter-level travel time spent in this place.
 D = Time resting spent in this place.
 E = Time spent auto-exploring this place.
 F = Levels seen in this place.
 G = Mean time per level.
                   A        B        C        D        E       F      G
               +--------+--------+--------+--------+--------+-----+--------+
         Total |   4561 |   4444 |    117 |    199 |   3115 |   5 |  912.2 |
       Dungeon |   4561 |   4444 |    117 |    199 |   3115 |   5 |  912.2 |
               +--------+--------+--------+--------+--------+-----+--------+

Top non-repeatable levels by time:
     D:1: 1355 daAuts
     D:4: 1328 daAuts
     D:2: 1050 daAuts
     D:3: 803 daAuts
     D:5: 23 daAuts
